 Dungeon Crawl Stone Soup version 0.23-a0-169-gb21e695 (webtiles) character file.

10648 nikopol the Thaumaturge (level 11, -1/56 HPs)
             Began as a Deep Elf Fire Elementalist on Sept 9, 2018.
             Was a High Priest of Vehumet.
             Slain by a large slime creature (28 damage)
             ... on level 11 of the Dungeon on Sept 11, 2018.
             The game lasted 00:51:13 (13470 turns).

nikopol the Thaumaturge (DEFE)                     Turns: 13470, Time: 00:51:13

Health: -1/56      AC:  7    Str:  5    XL:     11   Next: 38%
Magic:  3/30       EV: 15    Int: 24    God:    Vehumet [*****.]
Gold:   557        SH:  0    Dex: 15    Spells: 17/37 levels left

rFire    + . .     SeeInvis .   K - +2 dagger (venom)
rCold    + . .     Gourm    .   (no shield)
rNeg     . . .     Faith    .   a - +0 robe
rPois    .         Spirit   .   i - +2 hat
rElec    .         Reflect  .   (no cloak)
rCorr    .         Harm     .   t - +1 pair of gloves
MR       +....                  e - +0 pair of boots
Stlth    +++.......             g - amulet of the acrobat
HPRegen  0.18/turn              h - ring of protection from fire
MPRegen  0.22/turn              A - ring of protection from cold

@: no status effects
A: no striking features
a: Renounce Religion


You were on level 11 of the Dungeon.
You worshipped Vehumet.
Vehumet was extremely pleased with you.
You were not hungry.

You visited 2 branches of the dungeon, and saw 13 of its levels.
You also visited: Sewer and Ossuary.

You collected 557 gold pieces.

Inventory:

Hand Weapons
 b - a +0 dagger
 s - a +0 dagger of speed
 B - a +1 dagger of speed
 K - a +2 dagger of venom (weapon)
Armour
 a - a +0 robe (worn)
 e - a +0 pair of boots (worn)
 i - a +2 hat (worn)
 t - a +1 pair of gloves (worn)
Jewellery
 g - an amulet of the acrobat (around neck)
 h - a ring of protection from fire (left hand)
 A - a ring of protection from cold (right hand)
Wands
 m - a wand of iceblast (28)
 w - a wand of disintegration (14)
 G - a wand of flame (30)
 H - a wand of scattershot (2)
 I - a wand of enslavement (7)
Scrolls
 l - a scroll of identify
 p - 6 scrolls of remove curse
 q - a scroll of blinking
 u - a scroll of summoning {unknown}
 x - 4 scrolls of enchant weapon
 y - 4 scrolls of fear
 z - 2 scrolls of teleportation
 D - a scroll of fog
 E - 2 scrolls of enchant armour {unknown}
Potions
 d - 6 potions of curing
 f - 6 potions of flight
 j - 2 potions of lignification
 k - a potion of agility
 n - a potion of cancellation
 o - 2 potions of haste
 r - a potion of berserk rage
 v - a potion of mutation
 C - 2 potions of ambrosia
Comestibles
 c - 20 rations
 F - 5 chunks of flesh


   Skills:
 + Level 1.6 Fighting
 + Level 5.4 Dodging
 + Level 6.1 Stealth
 + Level 13.8 Spellcasting
 + Level 9.9 Conjurations
 + Level 10.7 Fire Magic
 + Level 0.6 Earth Magic


You had 17 spell levels left.
You knew the following spells:

 Your Spells              Type           Power        Failure   Level  Hunger
a - Flame Tongue          Conj/Fire      #####        1%          1    None
b - Throw Flame           Conj/Fire      ######       1%          2    None
c - Conjure Flame         Conj/Fire      ######..     1%          3    None
d - Sticky Flame          Conj/Fire      ######..     1%          4    None
e - Fireball              Conj/Fire      ######....   1%          5    ###....
f - Bolt of Magma         Conj/Fire/Erth ######....   1%          5    ###....

Your spell library contained the following spells:

 Spells                   Type           Power        Failure   Level  Hunger
 Poison Arrow             Conj/Pois      #####.....   17%         6    #####..
 Inner Flame              Hex/Fire       #####...     1%          3    None
 Animate Skeleton         Necr           N/A          3%          1    None
 Confusing Touch          Hex            ###...       3%          1    None
 Pain                     Necr           ###.         3%          1    None
 Summon Small Mammal      Summ           ###.         3%          1    None
 Call Imp                 Summ           ###.....     5%          2    None
 Call Canine Familiar     Summ           ###.....     11%         3    None
 Confuse                  Hex            ###.....     11%         3    None
 Gell's Gravitas          Tloc           ###.......   11%         3    None
 Regeneration             Chrm/Necr      ###.......   11%         3    None
 Summon Guardian Golem    Hex/Summ       ###.....     11%         3    None
 Vampiric Draining        Necr           ###.......   11%         3    None
 Yara's Violent Unravell  Hex/Tmut       ###.......   24%         5    ###....
 Petrify                  Tmut/Erth      ###.....     30%         4    None
 Animate Dead             Necr           N/A          34%         4    None
 Summon Ice Beast         Ice/Summ       ###.....     34%         4    None
 Summon Lightning Spire   Summ/Air       ###.....     34%         4    None
 Metabolic Englaciation   Hex/Ice        ###.......   69%         5    ###....
 Malign Gateway           Summ/Tloc      ###.......   100%        7    ######.
 Monstrous Menagerie      Summ           ###.......   100%        7    ######.
 Summon Greater Demon     Summ           ###.......   100%        7    ######.
 Summon Horrible Things   Summ           ###.......   100%        8    #######


Dungeon Overview and Level Annotations

Branches:
Dungeon (12/15)            Temple (1/1) D:5            Lair (0/6) D:11
    Orc (0/2) D:10

Altars:
Ashenzari
Cheibriados
Dithmenos
Elyvilon
Fedhas
Gozag
Hepliaklqana
Kikubaaqudgha
Makhleb
Nemelex Xobeh
Okawaru
Qazlal
Ru
Sif Muna
Trog
Uskayaw
Vehumet
Wu Jian
Xom
Yredelemnul
Zin
The Shining One

Shops:
D:7 (   D:8 [

Annotations:
D:4 1 runed door, tminei's ghost, novice MiFi


Message History

The slime creature hits you!
The slime creature burns!
The slime creature barely misses you. The slime creature hits you!
You climb upwards.
There is a stone staircase leading down here.
The slime creature burns!
Two slime creatures merge to form a large slime creature.
Casting: Fireball (safe; 1% risk of failure)
Confirm with . or Enter, or press ? or * to list all spells.
You don't know that spell.
Casting: Fireball (safe; 1% risk of failure)
Confirm with . or Enter, or press ? or * to list all spells.
Aiming: Bolt of Magma (safe; 1% risk of failure)
Press: ? - help, Shift-Dir - straight line, f - large slime creature
Aim: a large slime creature (heavily wounded, covered in liquid flames)
The bolt of magma hits the large slime creature.
The large slime creature is severely wounded.
The large slime creature burns!
The large slime creature hits you!!
Ouch! That really hurt!
You die...

#.......#.......#
##.......#.......#
#........#.......#######
#######..##..###..##....
#######...<##.<###+###..##....
#..........#........'...##....
#..........'....[...#....#....
#......#...##J.###########....
#......#...##@.##.####..##....
#......#...#............##....
#......#...+..................
#......#...#..................
####......##+######'###...###....
.......#'##..........########....
.......#..#..........#...........
.......#..#..(.......#...........
.......+..#..........#...........


You could see a large slime creature (burning).

Vanquished Creatures
  An unseen horror (D:10)
  A deep elf mage (D:10)
  A cyclops (D:11)
  A gargoyle (D:10)
  A slime creature (D:12)
  A meliai zombie (D:11)
  2 hippogriffs
  4 yaks
  A wraith (D:10)
  A basilisk (D:11)
  2 hungry ghosts
  2 water moccasins
  5 black bears
  6 orc warriors
  2 ice beasts
  A sky beast (D:7)
  An eye of draining (D:11)
  3 necrophages
  2 ogres
  5 phantoms
  7 centaurs
  A crocodile (D:11)
  11 bullfrogs
  4 big kobolds
  3 elf zombies
  2 scorpions (D:7)
  5 killer bees (D:8)
  4 wights
  9 howler monkeys
  A crimson imp (D:10)
  5 centaur zombies
  A bullfrog zombie (D:7)
  3 centaur skeletons
  A quasit (D:8)
  3 hounds
  5 orc wizards
  A gnoll shaman (D:7)
  3 orc priests
  A bullfrog skeleton (D:8)
  A human zombie (Ossuary)
  2 human skeletons (D:8)
  2 iguanas
  10 worker ants
  A big kobold zombie (Ossuary)
  A hound skeleton (D:4)
  2 mummies (Ossuary)
  A worker ant zombie (D:8)
  4 gnolls (D:7)
  14 adders
  A river rat (D:6)
  A shadow imp (D:5)
  11 oozes (Sewer)
  3 adder zombies
  3 worms
  3 dart slugs
  9 leopard geckos
  40 orcs
  12 ball pythons
  A bat zombie (D:3)
  23 giant cockroaches
  13 goblins
  7 hobgoblins
  9 jackals
  28 kobolds
  5 quokkas
  6 bats
  13 frilled lizards
  A giant cockroach zombie (D:6)
  9 hobgoblin zombies (Ossuary)
  2 jackal skeletons
  2 jackal zombies (Ossuary)
  7 kobold zombies (Ossuary)
  2 leopard gecko skeletons (D:9)
  A leopard gecko zombie (D:2)
  12 orc zombies
  2 quokka skeletons
  A quokka zombie (D:9)
  8 rats
  5 rat zombies
391 creatures vanquished.

Vanquished Creatures (others)
  A worker ant zombie (D:11)
1 creature vanquished.

Grand Total: 392 creatures vanquished

Notes
Turn   | Place    | Note
-------+----------+-------------------------------------------
     0 | D:1      | nikopol the Deep Elf Fire Elementalist began the quest for
                  | the Orb.
     0 | D:1      | Reached XP level 1. HP: 10/10 MP: 6/6
   172 | D:1      | Reached XP level 2. HP: 15/15 MP: 4/8
   494 | D:1      | Reached XP level 3. HP: 16/19 MP: 0/10
   833 | D:2      | Learned a level 2 spell: Throw Flame
   837 | D:2      | Learned a level 3 spell: Conjure Flame
  1439 | D:2      | Found a stormy altar of Qazlal.
  1442 | D:2      | Found an iron altar of Okawaru.
  1445 | D:2      | Found a glowing golden altar of the Shining One.
  1607 | D:3      | Reached XP level 4. HP: 19/24 MP: 6/11
  1848 | D:3      | Found an ancient bone altar of Kikubaaqudgha.
  1939 | D:3      | Reached skill level 4 in Spellcasting
  2288 | D:4      | Noticed tminei's ghost (novice MiFi)
  2298 | D:4      | Found a runed door.
  2423 | D:4      | Learned a level 4 spell: Sticky Flame
  2491 | D:4      | Noticed a phantom
  2509 | D:4      | Killed a phantom
  2509 | D:4      | Reached skill level 5 in Spellcasting
  2509 | D:4      | Reached XP level 5. HP: 25/28 MP: 2/14
  2855 | D:4      | Reached XP level 6. HP: 32/32 MP: 2/15
  2953 | D:4      | Noticed an orc warrior
  2962 | D:4      | Reached skill level 5 in Fire Magic
  2968 | D:4      | Killed an orc warrior
  3162 | D:4      | Learned a level 5 spell: Fireball
  3242 | D:4      | Reached skill level 6 in Spellcasting
  3318 | D:3      | Reached XP level 7. HP: 32/36 MP: 5/18
  3711 | D:5      | Entered Level 5 of the Dungeon
  3938 | D:5      | Found a hazy altar of Hepliaklqana.
  3941 | D:5      | Found a blossoming altar of Fedhas.
  3944 | D:5      | Found an ornate altar of the Wu Jian Council.
  3947 | D:5      | Found a shadowy altar of Dithmenos.
  4389 | D:5      | Found a staircase to the Ecumenical Temple.
  4417 | Temple   | Entered the Ecumenical Temple
  4479 | Temple   | Became a worshipper of Vehumet
  5046 | D:6      | Reached skill level 7 in Spellcasting
  5154 | D:6      | Found a bloodstained altar of Trog.
  5510 | D:6      | Found a glowing drain.
  5514 | Sewer    | Entered a sewer
  5874 | Sewer    | Reached * piety under Vehumet
  5874 | Sewer    | Offered knowledge of Magic Dart by Vehumet.
  5874 | Sewer    | Reached skill level 5 in Conjurations
  5939 | Sewer    | Reached XP level 8. HP: 40/41 MP: 18/21
  6020 | Sewer    | Reached ** piety under Vehumet
  6020 | Sewer    | Offered knowledge of Sting by Vehumet.
  6245 | D:6      | Reached skill level 8 in Spellcasting
  6706 | D:7      | Reached skill level 9 in Spellcasting
  6875 | D:7      | Offered knowledge of Mephitic Cloud by Vehumet.
  6880 | D:7      | Found Fajaurph's Antique Weapon Emporium.
  6894 | D:7      | Reached XP level 9. HP: 41/45 MP: 10/24
  7016 | D:7      | Reached *** piety under Vehumet
  7247 | D:7      | Reached skill level 1 in Fighting
  7393 | D:7      | Reached skill level 5 in Stealth
  7590 | D:7      | Found a snail-covered altar of Cheibriados.
  7675 | D:8      | Reached skill level 10 in Spellcasting
  7719 | D:8      | Offered knowledge of Static Discharge by Vehumet.
  8157 | D:8      | Found a sand-covered staircase.
  8172 | Ossuary  | Entered an ossuary
  8337 | Ossuary  | Reached **** piety under Vehumet
  8409 | Ossuary  | Offered knowledge of Bolt of Magma by Vehumet.
  8416 | Ossuary  | Learned a level 5 spell: Bolt of Magma
  8588 | Ossuary  | Reached skill level 11 in Spellcasting
  9284 | D:8      | Reached XP level 10. HP: 44/51 MP: 22/27
  9560 | D:8      | Found Ani Hual's Armour Boutique.
 10046 | D:9      | Reached ***** piety under Vehumet
 10048 | D:9      | Offered knowledge of Poison Arrow by Vehumet.
 10206 | D:9      | Reached skill level 12 in Spellcasting
 10846 | D:9      | Found a sparkling altar of Nemelex Xobeh.
 11044 | D:10     | Entered Level 10 of the Dungeon
 11240 | D:10     | Reached skill level 5 in Dodging
 11414 | D:10     | Reached skill level 10 in Fire Magic
 11711 | D:10     | Noticed a deep elf mage
 11718 | D:10     | Killed a deep elf mage
 11718 | D:10     | Reached skill level 13 in Spellcasting
 11871 | D:10     | Found a staircase to the Orcish Mines.
 11897 | D:10     | Found a deep blue altar of Sif Muna.
 11899 | D:10     | Found a sparkling altar of Nemelex Xobeh.
 11899 | D:10     | Found a bloodstained altar of Trog.
 11901 | D:10     | Found a shimmering altar of Xom.
 11901 | D:10     | Found a shimmering altar of Xom.
 11901 | D:10     | Found a glowing golden altar of the Shining One.
 12025 | D:10     | Noticed an unseen horror
 12029 | D:10     | Killed an unseen horror
 12029 | D:10     | Reached XP level 11. HP: 39/54 MP: 23/30
 12288 | D:10     | Noticed a two-headed ogre
 12737 | D:11     | Found a staircase to the Lair.
 13418 | D:11     | Upgraded the game from 0.23-a0-164-g7711e57 to
                  | 0.23-a0-169-gb21e695
 13470 | D:11     | Slain by a large slime creature

Vault maps used:
D:1:      shiori_shiawase
D:2:      grunt_temple_overflow_diamond, first_ration
D:3:      lemuel_zombie_altar_kikubaaqudgha
D:4:      hellmonk_ghost_happy_afterlife, minivault_27
D:5:      grunt_temple_overflow_cloverleaf, temple_hall
D:6:      gup_sewer_entry_bowl, trog_ov_bears_minmay
D:7:      cheibrodos_worm_habitat, serial_shops, shop, grunt_ogre_cave
D:8:      nicolae_ossuary_entry_catacombs, serial_shops, nicolae_shop_trees
D:9:      nemelex_diamond_rough_becter
D:10:     orc_0_dummy, doesnt_xom_only_xom
D:11:     lemuel_flame_loot_2, david_lair_generic, hangedman_decor_push
Temple:   dshaligram_water_room_temple
Sewer:    sewer_frog_island_02
Ossuary:  ossuary_tomb_1

Skill      XL: |  1  2  3  4  5  6  7  8  9 10 |
---------------+-------------------------------+-----
Fire Magic     | 4 5 6 7 9 10 | 10.7
Conjurations   | 2 3 5 6 7 9 |  9.9
Spellcasting   | 5 6 7 9 11 13 | 13.8
Stealth        | 3 4 5 6 |  6.1
Dodging        | 3 4 5 |  5.4
Fighting       | 1 |  1.6
Earth Magic    | |  0.6

Action                   |  1- 3 |  4- 6 |  7- 9 | 10-12 || total
-------------------------+-------+-------+-------+-------++-------
Melee: Dagger            |     7 |       |    23 |     2 ||    32
 Cast: Flame Tongue      |    96 |   102 |   373 |   193 ||   764
       Throw Flame       |       |     2 |    22 |       ||    24
       Sticky Flame      |       |     4 |    29 |    32 ||    65
       Conjure Flame     |       |     3 |     3 |     1 ||     7
       Fireball          |       |       |     8 |    30 ||    38
       Bolt of Magma     |       |       |       |    11 ||    11
  Use: Scroll            |     1 |       |    10 |    10 ||    21
       Potion            |       |       |       |     1 ||     1
  Eat: Chunk             |     2 |     6 |    14 |    12 ||    34
       Ration            |       |       |     3 |     1 ||     4
Armor: Robe              |     8 |    11 |    60 |    25 ||   104
Dodge: Dodged            |    19 |    30 |   131 |    93 ||   273

Table legend:
 A = Non-vault XP
 B = Vault XP
 C = Vault XP percentage of total XP
 D = Non-vault monster count
 E = Vault monster count
 F = Vault count percentage of total count
                 A         B        C        D         E       F
            +---------+---------+-------+---------+---------+-------
      Total |   13162 |    2050 |  13.5 |     277 |     114 |  29.2
            +---------+---------+-------+---------+---------+-------
        D:1 |      51 |       0 |   0.0 |      28 |       0 |   0.0
        D:2 |      35 |       0 |   0.0 |      19 |       0 |   0.0
        D:3 |      84 |       6 |   6.7 |      23 |       5 |  17.9
        D:4 |     563 |       0 |   0.0 |      24 |       0 |   0.0
        D:5 |     340 |       0 |   0.0 |      19 |       0 |   0.0
        D:6 |     730 |     279 |  27.7 |      14 |       6 |  30.0
        D:7 |     902 |     113 |  11.1 |      25 |       1 |   3.8
        D:8 |    2480 |     269 |   9.8 |      39 |       6 |  13.3
        D:9 |    2028 |       0 |   0.0 |      32 |       0 |   0.0
       D:10 |    3755 |       0 |   0.0 |      35 |       0 |   0.0
       D:11 |    1907 |     756 |  28.4 |      18 |       4 |  18.2
       D:12 |     287 |       0 |   0.0 |       1 |       0 |   0.0
      Sewer |       0 |     298 | 100.0 |       0 |      54 | 100.0
    Ossuary |       0 |     329 | 100.0 |       0 |      38 | 100.0
            +---------+---------+-------+---------+---------+-------
